 Dungeon Crawl Stone Soup version 0.14-a0-2474-g7d54a28 (webtiles) character file.

1150 MrRokkomies the Vexing (level 8, -2/37 HPs)
             Began as a Vine Stalker Enchanter on Feb 8, 2014.
             Slain by a gnoll
             ... wielding a +0,+0 halberd
              (15 damage)
             ... on Level 6 of the Dungeon.
             The game lasted 00:22:34 (5305 turns).

MrRokkomies the Vexing (Vine Stalker Enchanter)     Turns: 5305, Time: 00:22:34

HP  -2/37        AC  3     Str 11      XL: 8   Next: 16%
MP   0/16        EV 11     Int 17      God:
Gold 175         SH  7     Dex 15      Spells:  4 memorised,  3 levels left

rFire  . . .     SeeInvis .     a - +1,+2 dagger
rCold  . . .     Clarity  +     b - +1 robe
rNeg   . . .     Conserve .     t - +0 buckler
rPois  .         rCorr    .     (no helmet)
rElec  .         rRot     +     (no cloak)
SustAb . .       Spirit   +     (no gloves)
rMut   .         Warding  .     (no boots)
Saprov . . .     Stasis   .     i - amulet of clarity
MR     ++...                    (no ring)
                                z - ring of protection from magic

@: very slightly contaminated, very resistant to hostile enchantments, fairly
stealthy
A: fangs 3, berserk 1, regeneration 2, magic shield, antimagic bite, no device
heal
a: no special abilities


You were on level 6 of the Dungeon.
You were not hungry.

You visited 1 branch of the dungeon, and saw 6 of its levels.

You collected 175 gold pieces.

Inventory:

Hand weapons
 a - a +1,+2 dagger (weapon)
 j - a +0,+0 sling
 l - a +1,+0 dwarven short sword
 q - the +8,+8 falchion of the Whelk {speed, Contam rN+ SInv}
   (You found it on level 6 of the Dungeon)

   Attacks with this weapon are significantly faster, but cause slightly less
   damage.
   It protects you from negative energy.
   It enhances your eyesight.
   It causes magical contamination when unequipped.
 v - a +2,+0 whip of freezing
 x - a cursed -1,-1 whip
Missiles
 d - 10 darts (quivered)
 k - 19 poisoned needles
 n - 12 steel darts
 u - 4 curare-tipped needles
Armour
 b - a +1 robe (worn)
 t - a +0 buckler (worn)
Magical devices
 y - a wand of enslavement (7)
Comestibles
 f - 5 bread rations
 m - an apple
 r - a meat ration
Scrolls
 h - a scroll of remove curse
 o - a scroll of amnesia
 B - a scroll of blinking
Jewellery
 i - an amulet of clarity (around neck)
 z - a ring of protection from magic (left hand)
Potions
 e - a potion of confusion
 g - 2 potions of curing
 p - 2 potions of restore abilities
 s - a potion of heal wounds
Books
 c - a book of Maledictions

   Spells                             Type                      Level
   *Corona                            Hexes                        1
   *Sure Blade                        Hexes/Charms                 2
   *Ensorcelled Hibernation           Hexes/Ice                    2
   *Confuse                           Hexes                        3
   Enslavement                        Hexes                        4
   Invisibility                       Hexes                        6


   Skills:
 * Level 1.0 Fighting
 - Level 5.0 Short Blades
 - Level 0.8 Throwing
 - Level 1.5 Dodging
 - Level 2.4 Stealth
 - Level 2.1 Spellcasting
 + Level 7.8 Hexes


You had 3 spell levels left.
You knew the following spells:

 Your Spells              Type           Power        Failure   Level  Hunger
a - Corona                Hex            ####...      1%          1    #......
b - Ensorcelled Hibernat  Hex/Ice        ###...       10%         2    ##.....
c - Sure Blade            Hex/Chrm       ###.......   10%         2    ##.....
d - Confuse               Hex            ####....     3%          3    ####...


Dungeon Overview and Level Annotations

Branches:
Dungeon (6/16)
 Temple: D:4-7

Altars:
Zin

Shops:
D:4 /


Innate Abilities, Weirdness & Mutations

You have razor-sharp teeth.
You heal very quickly.
When hurt, damage is shared between your health and your magic reserves.
Your bite disrupts and absorbs the magic of your enemies.
Potions and wands cannot restore your HP.
You tend to lose your temper in combat.


Message History

The gnoll resists with significant effort.
The gnoll hits you from afar with a spear!
* * * LOW HITPOINT WARNING * * *
Casting: Ensorcelled Hibernation
Confirm with . or Enter, or press ? or * to list all spells.
Aiming: Ensorcelled Hibernation
Press: ? - help, Shift-Dir - straight line, f/p - gnoll
Aim: a gnoll, wielding a spear You miscast Ensorcelled Hibernation.
Nothing appears to happen.
The gnoll unwields an uncursed spear.
The gnoll drops an uncursed spear.
The gnoll picks up a halberd.
The gnoll wields a halberd.
The gnoll barely misses you.
Casting: Ensorcelled Hibernation
Confirm with . or Enter, or press ? or * to list all spells.
Aiming: Ensorcelled Hibernation
Press: ? - help, Shift-Dir - straight line, f/p - gnoll
Aim: a gnoll, wielding a halberd You miscast Ensorcelled Hibernation.
You shiver with cold.
The gnoll hits you from afar with a halberd!
You die...

#.# #.. ....... #.. #)# #.#
#.....## #.. #g# #.#.+......
#.. #.# #.#.#.....########.#
#.#.####.#................#
#........###.....#######...
#....#.###..#.+......... +...
#..#.#.###.g#.#.....#######...
...........(..@............>...
# ##.#.###..#.###.############
###.#....#.# #.# ..#.##.#.# #.#
###. ..#.# #.# # ..#.# #.#
#.##.# #.# #. ..# #.# # ### #.#


You could see a gnoll.

Vanquished Creatures
  An ogre (D:5)
  A phantom (D:4)
  A crimson imp (D:5)
  2 hounds (D:4)
  A black bear zombie (D:5)
  An orc priest (D:4)
  3 iguanas (D:4)
  A giant frog skeleton (D:4)
  4 orc wizards
  3 worker ants
  15 gnolls
  9 adders
  A giant mite (D:5)
  An inept feature mimic (D:4)
  A giant eyeball (D:4)
  5 giant geckos
  An ooze (D:2)
  10 orcs
  11 hobgoblins
  8 jackals
  6 ball pythons
  8 bats
  4 giant cockroaches
  3 giant newts
  8 goblins
  9 kobolds
  5 quokkas
  A quokka skeleton (D:4)
  7 rats
131 creatures vanquished.

Notes
Turn   | Place    | Note
--------------------------------------------------------------
     0 | D:1      | MrRokkomies, the Vine Stalker Enchanter, began the quest for the Orb.
     0 | D:1      | Reached XP level 1. HP: 9/9 MP: 3/3
   118 | D:1      | Reached skill level 1 in Short Blades
   250 | D:1      | Reached XP level 2. HP: 13/13 MP: 5/5
   909 | D:1      | Learned a level 2 spell: Ensorcelled Hibernation
   912 | D:1      | Learned a level 2 spell: Sure Blade
  1106 | D:2      | Reached XP level 3. HP: 14/16 MP: 0/7
  1395 | D:2      | Reached skill level 4 in Hexes
  2196 | D:3      | Reached XP level 4. HP: 14/21 MP: 0/8
  2546 | D:4      | Reached skill level 5 in Hexes
  2546 | D:4      | Reached XP level 5. HP: 5/24 MP: 2/11
  2616 | D:4      | Learned a level 3 spell: Confuse
  3174 | D:4      | Found Wecede's Magical Wand Emporium.
  3227 | D:4      | Found a staircase to the Ecumenical Temple.
  3234 | D:4      | the staircase to the Ecumenical Temple was a mimic.
  3239 | D:4      | Gained mutation: You heal very quickly. [vine stalker growth]
  3239 | D:4      | Reached XP level 6. HP: 21/28 MP: 10/12
  3390 | D:4      | Reached skill level 6 in Hexes
  3574 | D:4      | Found a glowing silver altar of Zin.
  3864 | D:4      | Reached XP level 7. HP: 12/32 MP: 5/14
  4323 | D:5      | Entered Level 5 of the Dungeon
  4632 | D:5      | Reached skill level 7 in Hexes
  4652 | D:5      | Reached skill level 5 in Short Blades
  4842 | D:5      | Gained mutation: You have razor-sharp teeth. [vine stalker growth]
  4842 | D:5      | Reached XP level 8. HP: 37/37 MP: 13/16
  4959 | D:5      | Reached skill level 1 in Fighting
  5241 | D:6      | Got a brightly glowing falchion
  5242 | D:6      | Identified the +8,+8 falchion of the Whelk {speed, Contam rN+ SInv} (You found it on level 6 of the Dungeon)
  5248 | D:6      | Gained mutation: You tend to lose your temper in combat. [mutagenic glow]
  5305 | D:6      | Slain by a gnoll

Action                   |  1- 3 |  4- 6 |  7- 9 || total
-------------------------+-------+-------+-------++-------
Melee: Dagger            |   119 |   213 |   126 ||   458
Throw: Dart              |       |       |     9 ||     9
 Cast: Ensorcelled Hiber |     6 |    27 |    24 ||    57
       Confuse           |       |     5 |     2 ||     7
       Corona            |       |     1 |       ||     1
       Sure Blade        |       |       |     1 ||     1
Evoke: Wand              |       |     3 |       ||     3
  Use: Scroll            |     7 |     3 |     9 ||    19
 Stab: Sleeping          |     6 |    22 |    17 ||    45
       Confused          |       |       |     2 ||     2
